Description

I didn't see a build order uploaded for this guide yet, so here it is!

VOD

https://www.youtube.com/watch?v=cnWR4Ka64J4&t=1358s

Replay - Harstem PvT 3-gate blink

Build Order

Get SALT Encoding   

  12  0:00  Probe  
  13  0:12  Probe  
  14  0:17  Pylon  
  14  0:24  Probe  
  15  0:35  Gateway  
  15  0:37  Probe (Chrono Boost)  
  16  0:47  Assimilator, Probe x2 (Chrono Boost)  
  18  1:04  Probe  
  19  1:16  Probe  
  20  1:24  Cybernetics Core  
  20  1:32  Nexus  
  20  1:36  Probe  
  21  1:43  Pylon  
  21  1:48  Probe  
  21  1:52  Assimilator  
  22  1:58  Adept (Chrono Boost)  
  25  2:04  Warp Gate  
  26  2:19  Adept (Chrono Boost)  Position these 2 adepts in the middle of the map to scout for 3-rax or other moveouts
  29  2:34  Twilight Council  
  30  2:44  Gateway  
  33  3:02  Blink (Chrono Boost)  
  35  3:15  Robotics Facility  
  35  3:19  Gateway  
  38  3:30  Pylon  
  40  3:46  Pylon  
  41  3:52  Stalker x2  
  46  4:00  Pylon, Warp Prism (Chrono Boost)  
  48  4:15  Stalker x3  
  54  4:38  Stalker x3  
  60  4:49  Nexus  Prioritize getting stalkers 8-11 over this nexus
  62  5:01  Assimilator  
  62  5:02  Stalker x2  Blink into the main as soon as this 11th stalker finishes. Resume probing
  78  5:32  Forge  
  79  5:39  Gateway  
  69  5:15  Action  Blink into the main
Spawning Tool Build Advisor. Get it on Overwolf

Analysis

3-gate blink is similar to 4-gate blink, but is more on the timing attack side instead of the all-in side as it doesn't invest in a 4th gateway.

-Only chrono boost your probes once (after the first pylon finishes), otherwise Harstem will show up at your house and use his "You Suck" stamp on your forehead

-Stop at 38 probes, which is 2 bases of minerals and 2 gases

-Build a maximum of 14-17 stalkers (1-2 rounds of warp ins after the initial 11 stalkers)

-After build completes, start forge (+1 armor) and charge, and go to 8 gateways, followed by a robotics bay.

-Mid-game will have zealots & 3 colossi->disruptors

-In the case of a 3-rax, abort the push and focus on defending. Spend your money on an immortal and colossi, with batteries at your bases

Go to:

Details

  • Created by: flashandfoul
  • Published on: Dec 17, 2023
  • Modified on: Dec 17, 2023
  • Patch: 5.0.11
  • Difficulty: Easy
Show
View Real Time Build Order
Export as new Build Order

Comments (1)

On March 14, 2024, 6:45 p.m., Psilon  said:

One in the build description lack 2 pylons which make you supply blocked if you try to execute it. Here is a fixed SALT encoding for the build: %Fixed PvT Blink|spawningtool.com|A brief description of this build and its goals.|~* 0 ;+ C 8, N 30!7 40!? 91!J ;1!S 32!Y!S5"##:6"2!S9"A @:"K 8=#!#9?#/ =?#2 8B#> ;E#O ;E#S!8E#S!8J$ !GL$! ;L$/!8L$/!8L$/!8R$E!8R$E!8R$E!8X$P 9Z% 3Z%!!8Z%!!8j%? 7k%F 8

Create an account to comment!